 Dungeon Crawl Stone Soup version 0.21-a0-286-g6fcecc0 (webtiles) character file.

21 4thArraOfDagon the Ducker (level 2, -7/13 HPs)
             Began as a Spriggan Earth Elementalist on Sept 25, 2017.
             Killed by divine providence
             ... invoked by an orc priest
              (13 damage)
             ... on level 3 of the Dungeon.
             The game lasted 00:02:39 (406 turns).

4thArraOfDagon the Ducker (SpEE)                     Turns: 406, Time: 00:02:40

Health: -7/13      AC:  2    Str:  9    XL:     2   Next: 62%
Magic:  0/6        EV: 18    Int: 16    God:
Gold:   38         SH:  0    Dex: 16    Spells: 5/6 levels left

rFire    . . .     SeeInvis +   g - +0 short sword
rCold    . . .     Gourm    .   (shield restricted)
rNeg     . . .     Faith    .   c - +0 robe
rPois    .         Spirit   .   (helmet restricted)
rElec    .         Reflect  .   (no cloak)
rCorr    .         Harm     .   (gloves unavailable)
MR       .....                  (boots unavailable)
Stlth    ++........             (no amulet)
HPRegen  0.04/turn              (no ring)
MPRegen  0.10/turn              (no ring)

@: mighty, flying, very quick
A: unfitting armour, see invisible, herbivore 3, speed 3, slow metabolism 2
a: no special abilities


You were on level 3 of the Dungeon.
You were not hungry.

You visited 1 branch of the dungeon, and saw 3 of its levels.

You collected 38 gold pieces.

Inventory:

Hand Weapons
 g - a +0 short sword (weapon)
Missiles
 b - 13 stones (quivered)
Armour
 c - a +0 robe (worn)
Jewellery
 j - an uncursed ring of fire
Scrolls
 h - a scroll of enchant armour {unknown}
 i - a scroll of immolation {unknown}
 m - 2 scrolls of teleportation {unknown}
Books
 e - a book of Geomancy

   Spells                             Type                      Level
   a - Sandblast                      Earth                        1
   b - Passwall                       Transmutation/Earth          2
   c - Stone Arrow                    Conjuration/Earth            3
   d - Petrify                        Transmutation/Earth          4
   e - Lee's Rapid Deconstruction     Earth                        5
Comestibles
 d - a bread ration
 l - a royal jelly


   Skills:
 * Level 1.2 Short Blades
 + Level 3.3 Dodging
 + Level 3.2 Stealth
 - Level 2.6 Spellcasting
   Level 1.3 Transmutations
 - Level 3.1 Earth Magic


You had 5 spell levels left.
You knew the following spells:

 Your Spells              Type           Power        Failure   Level  Hunger
a - Sandblast             Erth           ##....       5%          1    #......


Dungeon Overview and Level Annotations

Branches:
Dungeon (3/15)

Altars:
Uskayaw


Innate Abilities, Weirdness & Mutations

You are very small and have problems with some larger weapons.
You are too small for most types of armour.
You have supernaturally acute eyesight. (SInv)
You are a herbivore.
You cover ground extremely quickly.
You need consume almost no food.


Message History

You hit the orc.
The orc is severely wounded.
The orc hits you.
You hit the orc.
You kill the orc!
The orc priest calls down the wrath of Beogh upon you.
Pain shoots through your body!
Casting: Sandblast
Confirm with . or Enter, or press ? or * to list all spells.
Aiming: Sandblast
Press: ? - help, Shift-Dir - straight line, f - orc priest
Aim: an orc priest, wielding a hand axe The blast of sand misses the orc priest.
b - 13 stones You puncture the orc priest!
The orc priest is severely wounded.
The orc priest calls down the wrath of Beogh upon you.
Beogh smites you!
Ouch! That really hurt!
You die...

#....# #o#
#....# #.#
#.o..# #.#
###o...#####.#
#.'.o..'.....#
#)#....#######
#.#........
#o#####.###
#@# ... #.#
.... #.# .....
#.# ..... #.#
#.# #.# #.#
#.#


You could see an orc priest.

Vanquished Creatures
  A worm (D:2)
  A dart slug (D:1)
  A leopard gecko (D:3)
  3 orcs (D:3)
  A ball python (D:1)
  2 hobgoblins (D:2)
  A goblin (D:1)
  A kobold (D:1)
  A rat (D:1)
12 creatures vanquished.

Notes
Turn   | Place    | Note
-------+----------+-------------------------------------------
     0 | D:1      | 4thArraOfDagon the Spriggan Earth Elementalist began the quest for the Orb.
     0 | D:1      | Reached XP level 1. HP: 9/9 MP: 5/5
   181 | D:2      | Noticed an orc wizard
   208 | D:2      | Found a hide-covered altar of Uskayaw.
   266 | D:2      | Reached XP level 2. HP: 13/13 MP: 2/6
   385 | D:3      | Reached skill level 1 in Short Blades
   406 | D:3      | Killed from afar by an orc priest

Vault maps used:
D:1:      dpeg_arrival_long_road, minmay_tromino_v2
D:2:      eat_drink_and_be_merry_uskayaw
D:3:      gammafunk_wand_slinger, first_bread, uniq_robin

Skill      XL: |  1  2 |
---------------+-------+-----
Earth Magic    | 3 |  3.1
Short Blades   | 1 |  1.2
Dodging        | |  3.3
Stealth        | |  3.2
Spellcasting   | |  2.6
Transmutations | |  1.3

Action                   || total
-------------------------++-------
Melee: Short sword       ||    17
 Cast: Sandblast         ||    17
  Use: Potion            ||     3
 Stab: Sleeping          ||     2
Armor: Robe              ||     3
Dodge: Dodged            ||    34

Table legend:
 A = Spawn XP
 B = Non-spawn XP
 C = Spawn XP percentage of total XP
 D = Spawn monster count
 E = Non-spawn monster count
 F = Spawn count percentage of total count
 G = Total turns spent on level
                    A         B        C        D         E        F      G
               +---------+---------+-------+---------+---------+-------+---------
         Total |       0 |      30 |   0.0 |       0 |      12 |   0.0 |   406
               +---------+---------+-------+---------+---------+-------+---------
           D:1 |       0 |       9 |   0.0 |       0 |       5 |   0.0 |   146
           D:2 |       0 |       9 |   0.0 |       0 |       3 |   0.0 |   153
           D:3 |       0 |      12 |   0.0 |       0 |       4 |   0.0 |   107
               +---------+---------+-------+---------+---------+-------+---------
